 Dungeon Crawl Stone Soup version 0.29-a0-419-g77450f2 (webtiles) character file.

Game seed: 10191047666429049029

37 Illumine the Bolt Thrower (level 3, -15/31 HPs)
             Began as a Minotaur Hunter on May 17, 2022.
             Demolished by Jessica
             ... wielding a +2 dagger of electrocution
              (18 damage)
             ... on level 2 of the Dungeon on May 18, 2022.
             The game lasted 00:02:13 (1291 turns).

Illumine the Bolt Thrower (Minotaur Hunter)         Turns: 1291, Time: 00:02:13

Health: -15/31     AC:  3    Str: 15    XL:     3   Next: 23%
Magic:  2/2        EV: 12    Int:  6    God:
Gold:   56         SH:  0    Dex: 15    Spells: 2/2 levels left

rFire   . . .      SeeInvis .   a - +1 hand crossbow
rCold   . . .      Faith    .   (no shield)
rNeg    . . .      Spirit   .   b - +0 leather armour
rPois   .          Reflect  .   (helmet restricted)
rElec   .          Harm     .   (no cloak)
rCorr   .          Rampage  .   (no gloves)
Will    .....                   (no boots)
Stlth   +.........              (no amulet)
HPRegen 0.10/turn               (no ring)
MPRegen 0.08/turn               (no ring)

@: no status effects
A: horns 2, retaliatory headbutt
a: no special abilities


You were on level 2 of the Dungeon.
You visited 1 branch of the dungeon, and saw 2 of its levels.

You collected 56 gold pieces.

Inventory:

Hand Weapons
 a - a +1 hand crossbow (weapon)
 e - a +0 short sword
Armour
 b - a +0 leather armour (worn)
Jewellery
 f - an amulet of faith
Scrolls
 c - a scroll of immolation
 g - a scroll of enchant armour {unknown}
 h - a scroll of amnesia {unknown}
Potions
 d - a potion of curing {unknown}


   Skills:
 + Level 3.1 Fighting
 * Level 5.0 Crossbows
 + Level 2.8 Dodging
 - Level 0.7 Stealth


You had 2 spell levels left.
You didn't know any spells.
Your spell library contained the following spells:

 Spells                   Type           Power      Damage    Failure   Level
 Animate Skeleton         Necr           0%         N/A       52%         1
 Pain                     Necr           0%         1d4       52%         1
 Vampiric Draining        Necr           0%         2d6       88%         3


Dungeon Overview and Level Annotations

Branches:
Dungeon (2/15)

Altars:

Annotations:
D:2 Jessica, Sigmund


Innate Abilities, Weirdness & Mutations

You have a pair of horns on your head.
You reflexively headbutt those who attack you in melee.


Message History

Jessica gestures wildly while chanting.
Jessica blinks!
Shoot: a) +1 hand crossbow
Press: ? - help, Q - select action Shift-Dir - straight line, f - Jessica
Aim: Jessica, wielding a +2 dagger of electrocution and wearing a +0 robe (64% to hit)
You shoot a bolt. The bolt barely misses Jessica.
Jessica grins evilly.
Shoot: a) +1 hand crossbow
Press: ? - help, Q - select action Shift-Dir - straight line, f/p - Jessica
Aim: Jessica, wielding a +2 dagger of electrocution and wearing a +0 robe (64% to hit)
You shoot a bolt. The bolt barely misses Jessica.
Shoot: a) +1 hand crossbow
Press: ? - help, Q - select action Shift-Dir - straight line, f/p - Jessica
Aim: Jessica, wielding a +2 dagger of electrocution and wearing a +0 robe (64% to hit)
You shoot a bolt. The bolt completely misses Jessica.
Jessica casts a spell.
Jessica blinks!
Unknown command.
Shoot: a) +1 hand crossbow
Press: ? - help, Q - select action Shift-Dir - straight line, f/p - Jessica
Aim: Jessica, wielding a +2 dagger of electrocution and wearing a +0 robe (64% to hit)
You shoot a bolt.
The bolt hits Jessica but does no damage.
Jessica gestures at you while chanting. Pain shoots through your body!
Shoot: a) +1 hand crossbow
Press: ? - help, Q - select action Shift-Dir - straight line, f/p - Jessica
Aim: Jessica, wielding a +2 dagger of electrocution and wearing a +0 robe (64% to hit)
You shoot a bolt. The bolt hits Jessica.
Jessica is heavily wounded.
Jessica drinks a potion.
Jessica flickers and vanishes!
Deactivating autopickup; reactivate with Ctrl-A.
Pain shoots through your body! Pain shoots through your body!
* * * LOW HITPOINT WARNING * * *
Something hits you.
* * * LOW HITPOINT WARNING * * *
You are electrocuted!!
Ouch! That really hurt!
You die...

# #.# #.# #.# #.# ..#
..#
..###################
...........ยง...{@...#
..################.##
..# ######## #.# #.##
#......# #.# #..#
#.####.# #.# #..## #.#
#.# #.# ##..#####.#
#.# #.# #......#.# #.#
#.# ##..##.#.# #.# #.#


There were no monsters in sight!

Vanquished Creatures
  A dart slug (D:2)
  2 endoplasms
  3 giant cockroaches (D:1)
  3 goblins (D:1)
  A hobgoblin (D:1)
  4 jackals (D:1)
  4 kobolds
  A quokka (D:1)
  5 ball pythons
  2 bats (D:1)
  A frilled lizard (D:1)
  5 rats
32 creatures vanquished.

Notes
Turn   | Place    | Note
-------+----------+-------------------------------------------
     0 | D:1      | Illumine the Minotaur Hunter began the quest for the Orb.
     0 | D:1      | Reached XP level 1. HP: 18/18 MP: 0/0
   333 | D:1      | Reached XP level 2. HP: 24/25 MP: 1/1
   686 | D:1      | Reached XP level 3. HP: 24/31 MP: 2/2
  1173 | D:2      | Reached skill level 5 in Crossbows
  1208 | D:2      | Noticed Sigmund
  1260 | D:2      | Noticed Jessica
  1291 | D:2      | Demolished by Jessica

Illustrated notes

Levels and vault maps discovered:
D:1:      dpeg_arrival_houses_and_road, layout_basic, serial_rivers,
          chequers_serial_rivers_small_a, chequers_serial_rivers_room_b,
          chequers_serial_rivers_marsh, chequers_serial_rivers_micro_b,
          chequers_serial_rivers_marsh, chequers_serial_rivers_micro_c,
          minivault_27
D:2:      layout_basic, hellmonk_ecumenical_altar_blasted, uniq_sigmund,
          uniq_jessica

Skill      XL: |  1  2  3 |
---------------+----------+-----
Fighting       | 3 |  3.1
Crossbows      | 5 |  5.0
Dodging        | |  2.8
Stealth        | |  0.7

Action                   || total
-------------------------++-------
 Fire: Hand crossbow     ||    81
Armor: Leather armour    ||     7
Dodge: Dodged            ||    16

Table legend: (Time is in decaauts)
 A = Elapsed time spent in this place.
 B = Non-inter-level travel time spent in this place.
 C = Inter-level travel time spent in this place.
 D = Time resting spent in this place.
 E = Time spent auto-exploring this place.
 F = Levels seen in this place.
 G = Mean time per level.
                   A        B        C        D        E       F      G
               +--------+--------+--------+--------+--------+-----+--------+
         Total |   1325 |   1272 |     53 |    287 |    755 |   2 |  662.5 |
       Dungeon |   1325 |   1272 |     53 |    287 |    755 |   2 |  662.5 |
               +--------+--------+--------+--------+--------+-----+--------+

Top non-repeatable levels by time:
     D:1: 1041 daAuts
     D:2: 284 daAuts
